 Dungeon Crawl Stone Soup version 0.31-a0-202-g547052bce9 (webtiles) character file.

Game seed: 13086153766519308937

153 qw the Skirmisher (level 5, -7/29 HPs)
             Began as a Deep Elf Hunter on June 26, 2023.
             Mangled by an orc priest
             ... wielding a +0 trident
              (8 damage)
             ... on level 3 of the Dungeon.
             The game lasted 00:00:49 (2527 turns).

qw the Skirmisher (Deep Elf Hunter)                 Turns: 2527, Time: 00:00:49

Health: -7/29      AC:  6    Str: 10    XL:     5   Next: 12%
Magic:  7/7        EV:  9    Int: 14    God:
Gold:   129        SH:  0    Dex: 18    Spells: 4/4 levels left

rFire   . . .        Y - +0 shortbow
rCold   . . .        (shield currently unavailable)
rNeg    . . .        k - +0 scale mail
rPois   .            (no helmet)
rElec   .            (no cloak)
rCorr   .            (no gloves)
SInv    .            (no boots)
Will    .....        (no amulet)
Stlth   +            (no ring)
HPRegen 0.24/turn    (no ring)
MPRegen 0.10/turn

%: no passive effects
@: no status effects
A: no striking features
a: no special abilities


You were on level 3 of the Dungeon.
You visited 1 branch of the dungeon, and saw 3 of its levels.

You collected 129 gold pieces.


   Skills:
 - Level 1.5 Fighting
 + Level 8.5 Ranged Weapons
 - Level 2.4 Dodging
 - Level 1.2 Stealth


You had 4 spell levels left.
You didn't know any spells.
Your spell library was empty.

Inventory:

Hand Weapons
 Y - a +0 shortbow (weapon)
Armour
 k - a +0 scale mail (worn)
Potions
 a - a potion of berserk rage {unknown}
 b - a potion of lignification {unknown}
 f - 2 potions of curing
 h - a potion of degeneration {unknown}
 l - a potion of magic {unknown}

Dungeon Overview and Level Annotations

Branches:
Dungeon (3/15)

Altars:
Uskayaw
Zin

Annotations:
D:1 1 transporter


Message History

The arrow hits the orc but does no damage.
An orc wizard comes into view. It is wielding a +0 dagger.
You shoot an arrow. The arrow hits the orc.
The orc is severely wounded.
You shoot an arrow. The arrow barely misses the orc.
The arrow hits the orc but does no damage.
You shoot an arrow. The arrow barely misses the orc.
The arrow hits the orc.
The orc is lightly wounded.
The orc hits you with a +0 hand axe.
The orc priest calls upon Beogh to heal the orc.
The orc's wounds heal themselves!
The orc hits you but does no damage.
The orc wizard mumbles some strange words.
The orc wizard flickers and vanishes!
Deactivating autopickup; reactivate with Ctrl-A.
You shoot an arrow. The arrow hits the orc.
You kill the orc!
The orc hits you with a +0 short sword.
You shoot an arrow.
The arrow hits the orc but does no damage.
The orc closely misses you.
The orc priest hits you from afar with a +0 trident.
The orc barely misses you.
You shoot an arrow. The arrow completely misses the orc.
The arrow hits the orc priest.
The orc priest is lightly wounded.
The orc closely misses you. The orc priest barely misses you.
The orc hits you with a +0 short sword.
You shoot an arrow. The arrow hits the orc.
The orc is heavily wounded.
The orc barely misses you.
The orc priest hits you from afar with a +0 trident.
Something hits you. The orc closely misses you. Something hits you.
The orc hits you with a +0 short sword.
The orc priest hits you from afar with a +0 trident!
The orc barely misses you.
You shoot an arrow. The arrow closely misses the orc.
The arrow barely misses the orc priest.
The orc closely misses you. Something hits you but does no damage.
The orc priest hits you from afar with a +0 trident!
You die...

#
##.....#####.....##....####
##......#......########
##...........##
##.........## ##7.....7##
##'''## #####...##
..........# ##......o@#
#.......o# #.!.....o#
........... ##........##
.....:...# .#[###...# #.
....#


You could see an orc priest and 2 orcs.

Vanquished Creatures
  A scorpion (D:3)
  4 adders
  2 dart slugs
  7 orcs (D:3)
  5 ball pythons
  2 endoplasms
  A giant cockroach (D:3)
  4 hobgoblins
  4 jackals (D:3)
  2 kobolds (D:2)
  5 quokkas
  3 bats
  A frilled lizard (D:3)
  2 goblins
  4 rats
47 creatures vanquished.

Notes
Turn   | Place    | Note
-------+----------+-------------------------------------------
     0 | D:1      | qw the Deep Elf Hunter began the quest for the Orb.
     0 | D:1      | Reached XP level 1. HP: 12/12 MP: 3/3
     0 | D:1      | 0 ||| qw: Version: 0.3-a-22-g0ed2b0b
     0 | D:1      | 0 ||| qw: Game counter: 5970
     0 | D:1      | 0 ||| qw: Melee chars always use a shield: true
     0 | D:1      | 0 ||| qw: God list: Okawaru
     0 | D:1      | 0 ||| qw: Allow faded altars: false
     0 | D:1      | 0 ||| qw: Do Orc after clearing Dungeon:15 true
     0 | D:1      | 0 ||| qw: Do second Lair branch before Depths: true
     0 | D:1      | 0 ||| qw: Lair rune preference: random
     0 | D:1      | 0 ||| qw: Goals: Normal
     0 | D:1      | 0 ||| PLANNING D:1-11
   147 | D:1      | Reached skill level 6 in Ranged Weapons
   147 | D:1      | Reached XP level 2. HP: 16/16 MP: 4/4
   822 | D:1      | 822 ||| UPGRADING to +0 scale mail.
   832 | D:1      | 832 ||| DROPPING +0 leather armour.
   833 | D:1      | 833 ||| READING 2 scrolls labelled SOAMMI RULOEV.
   834 | D:1      | 834 ||| READING scroll labelled VEBBOIKATO.
   835 | D:1      | 835 ||| READING scroll labelled LIAXKA OVUMI.
   836 | D:1      | 836 ||| READING scroll labelled ANNUIR XISUNN.
   837 | D:1      | 837 ||| READING scroll labelled JIOLIONEITZ.
   840 | D:1      | 840 ||| DRINKING 3 smoky yellow potions.
   841 | D:1      | 841 ||| DRINKING 2 emerald potions.
   842 | D:1      | 842 ||| DROPPING scroll of fear.
   843 | D:1      | 843 ||| DROPPING scroll of butterflies.
   844 | D:1      | 844 ||| DROPPING potion of attraction.
  1047 | D:2      | Reached XP level 3. HP: 17/20 MP: 5/5
  1273 | D:2      | Found a hide-covered altar of Uskayaw.
  1335 | D:2      | Reached skill level 7 in Ranged Weapons
  1362 | D:2      | HP: 5/20 [dart slug/slug dart (6)]
  1806 | D:2      | 1806 ||| DROPPING ring of wizardry.
  1807 | D:2      | 1807 ||| READING scroll labelled IKKOGE QITAUL.
  1864 | D:3      | HP: 4/20 [jackal (3)]
  1961 | D:3      | Reached XP level 4. HP: 25/25 MP: 6/6
  2174 | D:3      | Noticed a scorpion
  2181 | D:3      | Killed a scorpion
  2182 | D:3      | Reached skill level 8 in Ranged Weapons
  2182 | D:3      | Reached XP level 5. HP: 14/29 MP: 7/7
  2320 | D:3      | HP: 7/29 [poisoned by an adder]
  2326 | D:3      | 2326 ||| FLEEEEING.
  2327 | D:3      | 2327 ||| FLEEEEING.
  2328 | D:3      | 2328 ||| FLEEEEING.
  2329 | D:3      | 2329 ||| FLEEEEING.
  2330 | D:3      | 2330 ||| FLEEEEING.
  2331 | D:3      | 2331 ||| FLEEEEING.
  2332 | D:3      | 2332 ||| FLEEEEING.
  2333 | D:3      | 2333 ||| FLEEEEING.
  2334 | D:3      | 2334 ||| FLEEEEING.
  2335 | D:3      | 2335 ||| FLEEEEING.
  2336 | D:3      | 2336 ||| FLEEEEING.
  2337 | D:3      | 2337 ||| FLEEEEING.
  2338 | D:3      | 2338 ||| FLEEEEING.
  2339 | D:3      | 2339 ||| FLEEEEING.
  2340 | D:3      | 2340 ||| FLEEEEING.
  2341 | D:3      | 2341 ||| FLEEEEING.
  2342 | D:3      | 2342 ||| FLEEEEING.
  2343 | D:3      | 2343 ||| FLEEEEING.
  2344 | D:3      | 2344 ||| FLEEEEING.
  2345 | D:3      | 2345 ||| FLEEEEING.
  2346 | D:3      | 2346 ||| FLEEEEING.
  2348 | D:3      | 2348 ||| FLEEEEING.
  2349 | D:3      | 2349 ||| FLEEEEING.
  2354 | D:3      | 2354 ||| STAIRDANCE
  2415 | D:2      | 2415 ||| READING scroll labelled DIMIDGH LORROJ.
  2456 | D:3      | Found a glowing silver altar of Zin.
  2526 | D:3      | HP: 1/29 [orc priest/+0 trident (7)]
  2527 | D:3      | Mangled by an orc priest

Levels and vault maps discovered:
D:1:      spicycebolla_arrival_risky_transporter, layout_loops_ring,
          chequers_avenue, hangedman_decor_slide_cut, minmay_tree_intersection
D:2:      layout_basic, basic_altar
D:3:      layout_rooms, zin_academy, hellmonk_ecumenical_altar_lost_god,
          serial_corexii_hall, chequers_hall_statues_corner_a,
          corexii_hall_statues_deadend, kennysheep_donut

Skill      XL: |  1  2  3  4 |
---------------+-------------+-----
Ranged Weapons | 6 7 8 |  8.5
Fighting       | |  1.5
Dodging        | |  2.4
Stealth        | |  1.2

Action                     |  1- 3 |  4- 6 || total
---------------------------+-------+-------++-------
   Fire: Shortbow          |   106 |    66 ||   172
    Use: Scroll            |     6 |     1 ||     7
         Potion            |     2 |       ||     2
 Armour: Leather armour    |     5 |       ||     5
         Scale mail        |    38 |    20 ||    58
  Dodge: Dodged            |    51 |    36 ||    87

Table legend:
 A = Non-vault XP
 B = Vault XP
 C = Vault XP percentage of total XP
 D = Non-vault monster count
 E = Vault monster count
 F = Vault count percentage of total count
                 A         B        C        D         E       F
            +---------+---------+-------+---------+---------+-------
      Total |     219 |       0 |   0.0 |      47 |       0 |   0.0
            +---------+---------+-------+---------+---------+-------
        D:1 |      18 |       0 |   0.0 |       9 |       0 |   0.0
        D:2 |      59 |       0 |   0.0 |      13 |       0 |   0.0
        D:3 |     142 |       0 |   0.0 |      25 |       0 |   0.0
            +---------+---------+-------+---------+---------+-------
